 Dungeon Crawl Stone Soup version 0.20.1-1-g8b1a95d (webtiles) character file.

116567 Mesmaeker13 the Brawler (level 16, -3/150 HPs)
             Began as a Troll Monk on Aug 30, 2017.
             Was the Champion of Hepliaklqana.
             Slain by an eight-headed hydra (6 damage)
             ... on level 3 of the Swamp.
             The game lasted 00:53:20 (29422 turns).

Mesmaeker13 the Brawler (Troll Monk)               Turns: 29422, Time: 00:53:20

Health: -3/150     AC:  4    Str: 31    XL:     16   Next: 21%
Magic:  21/21      EV: 18    Int:  6    God:    Hepliaklqana [******]
Gold:   1542       SH:  0    Dex: 18    Spells: 15/15 levels left

rFire    . . .     SeeInvis +   D - +7 giant spiked club
rCold    . . .     Gourm    +   (shield currently unavailable)
rNeg     . . .     Faith    .   R - +0 acid dragon scales
rPois    +         Spirit   .   i - +0 hat of Resilience {*Corrode rPois Str+3 Dex+6}
rElec    .         Reflect  .   X - scarf {repulsion}
rCorr    +         Harm     .   (gloves unavailable)
MR       +....                  (boots unavailable)
Stlth    ++........             a - amulet of rage
Regen    0.8/turn               k - ring of see invisible
MPRegen  0.2/turn               (no ring)

@: corroded, repel missiles
A: unfitting armour, reduced essence, claws 3, molten scales 1, clumsy 1,
deformed body, fast metabolism 3, gourmand, regeneration 1, shaggy fur 1, strong
1, tough skin 2
a: Recall Ancestor, Ancestor Identity, Transference, Idealise, Renounce
Religion, Evoke Berserk Rage


You were on level 3 of the Swamp.
You worshipped Hepliaklqana.
Hepliaklqana was exalted by your worship.
You were completely stuffed.

You visited 5 branches of the dungeon, and saw 27 of its levels.
You also visited: Bailey.

You collected 2395 gold pieces.
You spent 853 gold pieces at shops.

Inventory:

Hand Weapons
 D - a +7 giant spiked club (weapon)
 I - a +3 hand crossbow
Missiles
 t - 5 silver tomahawks (quivered)
 u - 36 tomahawks
 E - 4 javelins
 S - 2 throwing nets
Armour
 i - the +0 hat of Resilience (worn) {*Corrode rPois Str+3 Dex+6}
   (You acquired it on level 2 of the Orcish Mines)

   It affects your strength (+3).
   It affects your dexterity (+6).
   It protects you from poison.
   It may corrode you when you take damage.
 s - a +0 shield
 G - a +2 robe of magic resistance
 R - +0 acid dragon scales (worn)
 X - a scarf of repulsion (worn)
Jewellery
 a - an amulet of rage (around neck)
 k - a ring of see invisible (left claw)
 r - an uncursed ring of poison resistance
 C - an uncursed ring of ice
 V - an uncursed ring of resist corrosion
Wands
 x - a wand of lightning (1/15)
 y - a wand of flame (39/48)
 H - a wand of random effects (7/48)
 J - a wand of clouds (5/9)
 K - a wand of scattershot (4/9)
 M - a wand of lightning (6/15)
 Q - a wand of digging (15/24)
 U - a wand of paralysis (8/24)
 Z - a wand of confusion (26/48)
Scrolls
 e - 15 scrolls of remove curse
 g - 3 scrolls of fear
 h - a scroll of summoning
 l - 15 scrolls of teleportation
 m - 2 scrolls of blinking
 p - 6 scrolls of recharging
 v - 5 scrolls of enchant armour
 z - a scroll of silence {unknown}
 W - a scroll of magic mapping
Potions
 c - 6 potions of curing
 d - 7 potions of agility
 f - 5 potions of might
 j - a potion of berserk rage
 n - 4 potions of brilliance {unknown}
 o - 2 potions of flight
 w - a potion of resistance
 A - 4 potions of lignification {unknown}
 B - 3 potions of haste
 L - 5 potions of magic {unknown}
 N - 3 potions of heal wounds
 O - a potion of experience {unknown}
 P - 2 potions of cancellation {unknown}
 T - a potion of ambrosia {unknown}
Comestibles
 b - a bread ration
 q - a royal jelly
 F - 9 meat rations
 Y - a chunk of flesh


   Skills:
 + Level 12.9 Fighting
 + Level 3.0 Armour
 - Level 12.1 Dodging
 - Level 1.0 Stealth
 + Level 4.8 Shields
 + Level 15.1 Unarmed Combat
 - Level 8.1 Invocations
 - Level 7.6 Evocations


You had 15 spell levels left.
You didn't know any spells.

Dungeon Overview and Level Annotations

Branches:
Dungeon (15/15)            Temple (1/1) D:5            Lair (6/6) D:8
  Swamp (3/4) Lair:4       Spider (0/4) Lair:4          Orc (2/2) D:10
    Elf (0/3) Orc:2        Vaults (0/5) D:14         Depths (0/5) D:15
  Slime: Lair:5-6

Altars:
Ashenzari
Cheibriados
Dithmenos
Elyvilon
Fedhas
Gozag
Hepliaklqana
Kikubaaqudgha
Makhleb
Nemelex Xobeh
Okawaru
Qazlal
Ru
Sif Muna
Trog
Uskayaw
Vehumet
Xom
Yredelemnul
Zin
The Shining One
Beogh

Shops:
D:7 %   D:15 *[   Orc:1 *(   Orc:2 ?:[(

Annotations:
Lair:5 exclusion: oklob plant
Swamp:2 exclusion: Roxanne, Roxanne


Innate Abilities, Weirdness & Mutations

You are too large for most types of armour.
You have claws for hands.
Your metabolism is lightning-fast.
You like to eat raw meat.
Your natural rate of healing is unusually fast.
You are covered in fur. (AC +1)
You have very tough skin. (AC +2)
Your life essence is reduced to manifest your ancestor. (-10% HP)
You are partially covered in molten scales. (AC +2)
You are clumsy. (Dex -2)
Armour fits poorly on your strangely shaped body.
Your muscles are strong. (Str +2)


Message History

The eight-headed hydra is almost dead.
The eight-headed hydra bites you!
The eight-headed hydra barely misses you.
The eight-headed hydra bites you.
The eight-headed hydra closely misses you.
The eight-headed hydra bites you! x2
* * * LOW HITPOINT WARNING * * *
The eight-headed hydra misses you.
The eight-headed hydra closely misses you.
The eight-headed hydra bites you!
* * * LOW HITPOINT WARNING * * *
The eight-headed hydra bites you!
* * * LOW HITPOINT WARNING * * *
The eight-headed hydra bites you!
* * * LOW HITPOINT WARNING * * *
The eight-headed hydra bites you!
* * * LOW HITPOINT WARNING * * *
The eight-headed hydra closely misses you.
The eight-headed hydra bites you.
You die...

♣≈..≈≈.<≈≈≈≈.♣
♣♣§≈≈≈≈≈≈≈≈≈≈.♣♣.≈≈≈.
♣.≈≈≈≈≈≈≈≈≈≈≈≈.♣≈≈≈.≈
♣...≈≈≈≈≈≈≈≈≈≈≈♣.≈≈≈♣
♣≈...≈≈≈≈≈≈§....≈≈.♣
♣
♣♣≈≈≈≈≈≈.≈≈≈...≈≈≈.♣♣
♣
♣≈≈≈.≈≈.≈≈≈≈≈≈≈§≈≈≈§≈
♣
♣.......≈≈≈≈≈≈...≈≈≈≈
♣
♣♣♣♣♣♣...≈≈≈≈@D≈≈≈≈≈≈
♣♣♣
♣♣♣≈.^.≈≈§.≈♣♣♣≈≈..
≈.♣ ....≈≈≈..≈...♣ ♣
≈.♣♣.≈.≈≈≈.§≈≈♣♣≈♣
...♣♣≈♣≈...♣♣♣♣♣♣♣
^≈≈♣♣♣♣♣≈.♣♣ ♣..♣
♣♣♣♣ ♣♣♣♣


You could see an eight-headed hydra.

Vanquished Creatures
  A thorn hunter (Swamp:2)
  Gastronok (D:8)
  2 very ugly things
  Azrael (D:14)
  An ogre mage (D:14)
  A great orb of eyes (D:15)
  A ghost crab (Swamp:3)
  4 hydras
  A catoblepas (Lair:6)
  3 centaur warriors
  A two-headed ogre (shapeshifter) (D:15)
  2 alligators
  8 two-headed ogres
  6 death yaks (Lair:6)
  3 spriggans
  A skeletal warrior (D:13)
  A spriggan druid (Swamp:3)
  A swamp dragon (Swamp:1)
  A shambling mangrove (Swamp:2)
  A wizard (D:14)
  Pikel (D:7)
  5 orc knights
  A lindwurm (Lair:6)
  A deep elf mage (D:13)
  3 cyclopes
  8 ugly things (D:15)
  A wolf spider (D:15)
  2 manticores (Lair:6)
  8 elephants
  A centaur zombie (D:15)
  6 black mambas
  3 torpor snails
  3 gargoyles
  13 spiny frogs
  6 komodo dragons
  2 kobold demonologists (D:10)
  2 rime drakes (Lair:6)
  A tengu conjurer (D:10)
  A polar bear (Lair:3)
  8 trolls
  A jumping spider (Lair:4)
  A bog body (Swamp:1)
  6 tyrant leeches
  13 slime creatures
  Grinder (D:4)
  6 hornets
  5 blink frogs
  11 hippogriffs
  4 wyverns
  A hungry ghost (D:10)
  30 yaks
  A wraith (D:12)
  A wyvern (shapeshifter) (D:13)
  3 fire elementals (D:14)
  2 basilisks
  A steam dragon (D:11)
  4 insubstantial wisps
  13 vampire mosquitoes
  12 swamp worms
  3 wargs
  A soldier ant (D:11)
  16 water moccasins
  A hornet zombie (D:14)
  2 ice beasts
  3 swamp drakes
  4 porcupines
  26 orc warriors
  A sky beast (D:5)
  2 black bears (D:8)
  13 ogres
  11 wolves
  A phantom (D:10)
  A necrophage (D:13)
  19 centaurs
  9 crocodiles
  5 big kobolds
  12 bullfrogs
  A battlemage (Orc:2)
  A gnoll sergeant (D:7)
  5 scorpions
  2 howler monkeys
  10 wights
  2 electric eels (Lair:1)
  3 crimson imps
  2 bullfrog zombies
  2 jellies (Swamp:1)
  3 bullfrog skeletons
  24 orc priests
  A quasit (D:8)
  8 hounds
  3 centaur skeletons
  3 iguanas
  Natasha (D:2)
  25 orc wizards
  9 worker ants
  2 worker ant zombies (D:5)
  22 gnolls
  13 adders
  3 shadow imps
  2 oozes
  An adder zombie (D:5)
  2 adder skeletons
  5 worms
  2 dart slugs
  A leopard gecko (D:1)
  97 orcs
  2 ball pythons
  8 bats
  4 giant cockroaches
  12 goblins
  18 hobgoblins
  10 jackals
  5 quokkas
  7 frilled lizards
  25 kobolds
  7 rats
  A fungus (Lair:6)
717 creatures vanquished.

Vanquished Creatures (collateral kills)
  A thorn hunter (Swamp:2)
  An orc warlord (Orc:2)
  A very ugly thing (Swamp:1)
  An ettin (Orc:2)
  An ogre mage (D:13)
  7 hydras
  A catoblepas (Lair:6)
  A tengu warrior (D:14)
  A death yak (Lair:6)
  An unseen horror (D:15)
  A swamp dragon (Swamp:3)
  An orc knight (Orc:2)
  3 ugly things
  2 manticores
  2 black mambas (Lair:6)
  A salamander (D:15)
  An elephant (Lair:6)
  A gargoyle (D:14)
  3 spiny frogs
  4 komodo dragons
  A rime drake (Lair:6)
  A troll (D:14)
  A tyrant leech (Swamp:1)
  A hornet (Swamp:3)
  5 blink frogs
  5 slime creatures (Swamp:1)
  2 bog bodies
  2 dream sheep (Lair:6)
  6 hippogriffs
  A vampire (D:13)
  A spriggan (Swamp:2)
  15 yaks
  2 basilisks
  A hungry ghost (D:10)
  A steam dragon (Lair:5)
  6 vampire mosquitoes
  3 insubstantial wisps
  2 wargs (Orc:2)
  2 swamp worms (Swamp:3)
  2 acid dragons (Lair:5)
  3 porcupines
  A hell hound (D:14)
  5 orc warriors
  An ice beast (D:15)
  A swamp drake (Lair:5)
  A black bear (shapeshifter) (D:15)
  3 ogres
  6 wolves
  3 centaurs
  3 crocodiles (Lair:6)
  A bullfrog (D:12)
  An electric eel (D:15)
  3 wights (D:10)
  2 quasits
  A hound (D:10)
  A jelly (Swamp:1)
  6 orc priests
  14 orc wizards
  2 worker ants
  2 adders
  2 gnolls
  22 orcs
  A goblin (D:8)
  3 hobgoblins (Bailey)
  A jackal (D:8)
  8 kobolds
  A fungus (Lair:6)
  2 plants (Lair:5)
195 creatures vanquished.

Vanquished Creatures (others)
  An ogre (D:7)
  A scorpion (D:7)
  2 ancestors
  15 battlemagi
  An adder (D:7)
  A briar patch (Swamp:3)
  6 fungi
  A plant (Lair:4)
28 creatures vanquished.

Grand Total: 940 creatures vanquished

Notes
Turn   | Place    | Note
-------+----------+-------------------------------------------
     0 | D:1      | Mesmaeker13 the Troll Monk began the quest for the Orb.
     0 | D:1      | Reached XP level 1. HP: 22/22 MP: 0/0
    65 | D:1      | Reached XP level 2. HP: 29/29 MP: 1/1
   857 | D:1      | Reached XP level 3. HP: 36/36 MP: 2/2
  1187 | D:2      | Noticed Natasha
  1194 | D:2      | Killed Natasha
  1349 | D:3      | Reached XP level 4. HP: 41/45 MP: 3/3
  1575 | D:3      | Reached skill level 4 in Unarmed Combat
  1928 | D:4      | Noticed an ogre
  1935 | D:4      | Killed an ogre
  1935 | D:4      | Reached XP level 5. HP: 40/54 MP: 4/4
  1993 | D:4      | Reached XP level 6. HP: 46/62 MP: 5/5
  2609 | D:4      | Noticed Grinder
  2626 | D:4      | Paralysed by Grinder for 7 turns
  2646 | D:4      | Killed Grinder
  2646 | D:4      | Reached skill level 5 in Unarmed Combat
  2646 | D:4      | Reached XP level 7. HP: 17/71 MP: 6/6
  3313 | D:4      | Found a glowing golden altar of the Shining One.
  3642 | D:5      | Entered Level 5 of the Dungeon
  3666 | D:5      | Found a staircase to the Ecumenical Temple.
  3689 | D:5      | Reached skill level 5 in Fighting
  3695 | Temple   | Entered the Ecumenical Temple
  4024 | D:5      | Reached skill level 5 in Dodging
  4024 | D:5      | Reached skill level 6 in Unarmed Combat
  4044 | D:5      | Reached XP level 8. HP: 58/80 MP: 7/7
  4476 | D:5      | Found a shattered altar of Ashenzari.
  5339 | D:6      | Reached skill level 7 in Unarmed Combat
  5763 | D:7      | Noticed Pikel
  5778 | D:7      | Killed Pikel
  5778 | D:7      | Reached XP level 9. HP: 34/92 MP: 8/8
  5996 | D:7      | Found Syabb's Food Emporium.
  6099 | D:7      | Reached skill level 8 in Unarmed Combat
  6176 | D:7      | Reached skill level 1 in Evocations
  6580 | D:8      | Found a hazy altar of Hepliaklqana.
  6581 | D:8      | Found a deep blue altar of Sif Muna.
  6582 | D:8      | Found a sacrificial altar of Ru.
  6587 | D:8      | Became a worshipper of Hepliaklqana the Forgotten
  6587 | D:8      | Reached * piety under Hepliaklqana
  6587 | D:8      | Reached ** piety under Hepliaklqana
  6600 | D:8      | Noticed a two-headed ogre
  6619 | D:8      | Killed a two-headed ogre
  6668 | D:8      | Found a staircase to the Lair.
  6763 | D:8      | Noticed Gastronok
  6773 | D:8      | Killed Gastronok
  6773 | D:8      | Reached skill level 9 in Unarmed Combat
  6773 | D:8      | Reached XP level 10. HP: 91/91 MP: 9/11
  6966 | D:8      | Found a shadowy altar of Dithmenos.
  7230 | D:8      | Found a flagged portal.
  7240 | Bailey   | Entered a bailey
  7383 | Bailey   | Noticed an orc knight
  7391 | Bailey   | Remembered your ancestor Zdislav as a battlemage
  7542 | Bailey   | Killed an orc knight
  7740 | D:8      | Found a bloodstained altar of Trog.
  8030 | D:9      | Reached *** piety under Hepliaklqana
  8639 | D:10     | Entered Level 10 of the Dungeon
  8941 | D:10     | Reached **** piety under Hepliaklqana
  9055 | D:10     | Reached XP level 11. HP: 30/99 MP: 13/13
  9295 | D:10     | Reached skill level 10 in Unarmed Combat
  9518 | D:10     | Found a staircase to the Orcish Mines.
 10240 | D:11     | Reached skill level 5 in Evocations
 10559 | D:11     | Reached ***** piety under Hepliaklqana
 11952 | D:13     | Noticed a two-headed ogre
 11960 | D:13     | Killed a two-headed ogre
 11960 | D:13     | Reached XP level 12. HP: 69/110 MP: 15/15
 12141 | D:13     | Reached skill level 11 in Unarmed Combat
 12226 | D:13     | Noticed an ogre mage
 12229 | D:13     | Noticed a two-headed ogre
 12229 | D:13     | Noticed a two-headed ogre
 12229 | D:13     | Noticed a two-headed ogre
 12231 | D:13     | Killed an ogre mage
 12247 | D:13     | Killed a two-headed ogre
 12251 | D:13     | Killed a two-headed ogre
 12258 | D:13     | Killed a two-headed ogre
 12639 | D:13     | Noticed a two-headed ogre
 12644 | D:13     | Killed a two-headed ogre
 13092 | D:14     | Noticed a two-headed ogre
 13101 | D:14     | Killed a two-headed ogre
 13111 | D:14     | Noticed an ogre mage
 13124 | D:14     | Killed an ogre mage
 13127 | D:14     | Noticed a two-headed ogre
 13134 | D:14     | Killed a two-headed ogre
 13134 | D:14     | Reached skill level 10 in Fighting
 13520 | D:14     | Found a gate to the Vaults.
 13577 | D:14     | Noticed a centaur warrior
 13587 | D:14     | Killed a centaur warrior
 13747 | D:14     | Reached skill level 10 in Dodging
 13756 | D:14     | Noticed a centaur warrior
 13765 | D:14     | Killed a centaur warrior
 13865 | D:14     | Reached skill level 12 in Unarmed Combat
 13876 | D:14     | Reached XP level 13. HP: 97/119 MP: 17/17
 13989 | D:14     | Noticed Azrael
 14000 | D:14     | Killed Azrael
 14509 | Lair:1   | Entered Level 1 of the Lair of Beasts
 14825 | Lair:1   | Reached ****** piety under Hepliaklqana
 14845 | Lair:1   | Gained mutation: You tend to lose your temper in combat. [potion of mutation]
 14845 | Lair:1   | Gained mutation: Your muscles are strong. (Str +2) [potion of mutation]
 14845 | Lair:1   | Gained mutation: You are surrounded by a mild repulsion field. (EV +2) [potion of mutation]
 14960 | Lair:1   | Found a sparkling altar of Nemelex Xobeh.
 15075 | Lair:1   | Got a smoking rapier
 15596 | Lair:1   | Identified the +6 rapier of Busa {pierce, rElec Str+5} (You found it on level 1 of the Lair of Beasts)
 15982 | Lair:2   | Reached skill level 1 in Invocations
 18368 | Lair:4   | Found a staircase to the Swamp.
 18614 | Lair:4   | Found a hole to the Spider Nest.
 18658 | Lair:4   | Reached skill level 13 in Unarmed Combat
 18875 | Lair:5   | Reached XP level 14. HP: 129/131 MP: 18/18
 19874 | Lair:6   | Entered Level 6 of the Lair of Beasts
 20743 | Lair:6   | Reached skill level 5 in Invocations
 21800 | Orc:1    | Entered Level 1 of the Orcish Mines
 21928 | Orc:2    | Entered Level 2 of the Orcish Mines
 21943 | Orc:1    | Found Oclui's General Store.
 22005 | Orc:1    | Bought a scroll of identify for 28 gold pieces
 22106 | Orc:1    | Found Nuvoon's Antique Weapon Shop.
 22395 | Orc:2    | Found a roughly hewn altar of Beogh.
 22395 | Orc:2    | Found Metappoc's Book Shop.
 22731 | Orc:2    | Noticed an orc warlord
 22748 | Orc:2    | Reached skill level 14 in Unarmed Combat
 22993 | Orc:2    | Killed an orc warlord
 22993 | Orc:2    | Reached XP level 15. HP: 140/140 MP: 19/19
 23131 | Orc:2    | Found a roughly hewn altar of Beogh.
 23131 | Orc:2    | Found Xammininuf's Antique Armour Shop.
 23135 | Orc:2    | Found Biduw's Antique Weapon Boutique.
 23283 | Orc:2    | Found a roughly hewn altar of Beogh.
 23447 | Orc:2    | Found a staircase to the Elven Halls.
 23535 | Orc:2    | Found a roughly hewn altar of Beogh.
 23594 | Orc:2    | Found a roughly hewn altar of Beogh.
 23763 | Orc:2    | Found a roughly hewn altar of Beogh.
 23764 | Orc:2    | Found Ciesa Cisk's Magic Scroll Boutique.
 23808 | Orc:2    | Bought a scroll of acquirement for 624 gold pieces
 23808 | Orc:2    | Bought a scroll of identify for 24 gold pieces
 23808 | Orc:2    | Bought a scroll of identify for 24 gold pieces
 23812 | Orc:2    | Got a transparent hat
 23823 | Orc:2    | Identified the +0 hat of Resilience {*Corrode rPois Str+3 Dex+6} (You acquired it on level 2 of the Orcish Mines)
 23961 | Orc:2    | Bought a shield for 153 gold pieces
 24111 | D:15     | Entered Level 15 of the Dungeon
 24148 | D:15     | Found an iron altar of Okawaru.
 24160 | D:15     | Reached skill level 1 in Shields
 24172 | D:15     | Found Diots's Armour Boutique.
 24523 | D:15     | Found an ancient bone altar of Kikubaaqudgha.
 24523 | D:15     | Found Obezatakh's Profane Products.
 25084 | D:15     | Found a staircase to the Depths.
 25597 | Swamp:1  | Entered Level 1 of the Swamp
 26745 | Swamp:2  | Reached skill level 1 in Armour
 27604 | Swamp:2  | Noticed a thorn hunter
 27610 | Swamp:2  | Killed a thorn hunter
 27803 | Swamp:2  | Noticed Roxanne
 28346 | Swamp:3  | Reached XP level 16. HP: 150/150 MP: 21/21
 28348 | Swamp:3  | Noticed a thorn hunter
 28376 | Swamp:2  | Killed a thorn hunter
 28376 | Swamp:2  | Reached skill level 15 in Unarmed Combat
 28697 | Swamp:3  | Lost mutation: Your muscles are strong. (Str +2) [potion of mutation]
 28697 | Swamp:3  | Lost mutation: You tend to lose your temper in combat. [potion of mutation]
 28697 | Swamp:3  | Lost mutation: You are surrounded by a mild repulsion field. (EV +2) [potion of mutation]
 28697 | Swamp:3  | Gained mutation: Armour fits poorly on your strangely shaped body. [potion of mutation]
 28697 | Swamp:3  | Gained mutation: Your muscles are strong. (Str +2) [potion of mutation]
 28697 | Swamp:3  | Gained mutation: You are clumsy. (Dex -2) [potion of mutation]
 28697 | Swamp:3  | Gained mutation: You are partially covered in molten scales. (AC +2) [potion of mutation]
 29422 | Swamp:3  | HP: 3/150 [eight-headed hydra (16)]
 29422 | Swamp:3  | Slain by an eight-headed hydra

Skill      XL: |  1  2  3  4  5  6  7  8  9 10 11 12 13 14 15 16 |
---------------+-------------------------------------------------+-----
Fighting       | 3 4 5 6 7 8 9 10 11 12 | 12.9
Dodging        | 3 4 5 6 7 8 9 10 11 12 | 12.1
Unarmed Combat | 4 5 6 7 9 10 12 13 14 15 | 15.1
Evocations     | 3 4 5 7 |  7.6
Invocations    | 3 6 8 |  8.1
Shields        | 4 |  4.8
Armour         | 2 3 |  3.0
Stealth        | |  1.0

Action                   |  1- 3 |  4- 6 |  7- 9 | 10-12 | 13-15 | 16-18 || total
-------------------------+-------+-------+-------+-------+-------+-------++-------
Melee: Unarmed           |    95 |   115 |   331 |   611 |  1096 |    60 ||  2308
       Punch             |     1 |     1 |    13 |    33 |   104 |     5 ||   157
       Dire flail        |       |       |       |       |     7 |       ||     7
       Giant spiked club |       |       |       |       |     8 |     8 ||    16
Throw: Tomahawk          |       |     8 |       |     1 |     3 |       ||    12
Invok: Ancestor Life: Ba |       |       |       |     1 |       |       ||     1
       Idealise          |       |       |       |       |     5 |       ||     5
 Abil: Evoke Berserk Rag |       |       |     2 |     5 |    16 |       ||    23
Evoke: Wand              |       |       |     2 |    10 |     2 |       ||    14
  Use: Scroll            |     5 |     2 |     4 |     2 |    21 |       ||    34
       Potion            |       |     2 |     2 |     2 |    13 |     1 ||    20
 Stab: Sleeping          |       |     2 |     5 |     4 |     4 |       ||    15
       Distracted        |       |       |     1 |     6 |    13 |       ||    20
       Paralysed         |       |       |       |     1 |       |       ||     1
  Eat: Chunk             |    18 |    11 |    39 |    81 |   138 |     8 ||   295
       Meat ration       |       |       |       |       |     2 |     1 ||     3
       Fruit             |       |       |       |       |       |     4 ||     4
Armor: Robe              |    48 |    31 |    67 |   140 |    49 |       ||   335
       Acid dragon scale |       |       |       |       |   127 |    25 ||   152
Dodge: Dodged            |    55 |    65 |   221 |   473 |   909 |    79 ||  1802
       Deflected         |       |       |       |     4 |    26 |     6 ||    36
Block: Shield            |       |       |       |       |    49 |    19 ||    68
